 Dungeon Crawl Stone Soup version 0.18.1-48-g4cf74bf (webtiles) character file.

29 Gargoyl the Skirmisher (level 3, 0/30 HPs)
             Began as a Demonspawn Abyssal Knight on July 13, 2016.
             Was a Follower of Lugonu.
             Succumbed to an adder's poison
             ... on level 2 of the Dungeon.
             The game lasted 00:02:21 (1121 turns).

Gargoyl the Skirmisher (Demonspawn Abyssal Knight)  Turns: 1121, Time: 00:02:22

Health: 0/30       AC:  9    Str: 13    XL:     3   Next: 1%
Magic:  4/4        EV:  7    Int: 13    God:    Lugonu [*.....]
Gold:   48         SH:  6    Dex: 12    Spells: 0 memorised, 2 levels left

rFire  . . .     SeeInvis .     a - +1 hand axe
rCold  . . .     Gourm    .     k - +0 ring mail
rNeg   . . .     Faith    .     d - +0 shield
rPois  .         Spirit   .     (helmet restricted)
rElec  .         Dismiss  .     (no cloak)
rCorr  .         Reflect  .     (no gloves)
SustAt .         Harm     .     (no boots)
MR     .....                    (no amulet)
Stlth  ++........               (no ring)
                                i - ring of stealth

@: lethally poisoned (0 -> -2), very slightly contaminated, invisible, not
resistant to hostile enchantments, unstealthy
A: antennae 1, iridescent scales 1
a: Depart the Abyss, Renounce Religion


You were on level 2 of the Dungeon.
You worshipped Lugonu.
Lugonu was aware of your devotion.
You were not hungry.

You visited 1 branch of the dungeon, and saw 2 of its levels.
You visited the Abyss 1 time.

You collected 48 gold pieces.

Inventory:

Hand Weapons
 a - a +1 hand axe (weapon)
 b - a +0 spear
Armour
 d - a +0 shield (worn)
 k - a +0 ring mail (worn)
Jewellery
 i - a ring of stealth (left hand)
Scrolls
 e - 2 scrolls of identify {unknown}
 f - 2 scrolls of noise {unknown}
 h - a scroll of enchant armour {unknown}
 j - a scroll of amnesia {unknown}
Comestibles
 c - 3 bread rations


   Skills:
 + Level 3.7 Fighting
 + Level 2.0 Axes
 * Level 2.0 Armour
 + Level 1.1 Dodging
 + Level 2.6 Invocations


You had 2 spell levels left.
You didn't know any spells.

Dungeon Overview and Level Annotations

Branches:
Dungeon (2/15)

Altars:
Yredelemnul


Innate Abilities, Weirdness & Mutations

You have a pair of small antennae on your head.
You are partially covered in iridescent scales (AC +4).


Message History

You feel sick.
* * * LOW HITPOINT WARNING * * *
You feel sick.
* * * LOW HITPOINT WARNING * * *
You feel sick.
* * * LOW HITPOINT WARNING * * *
You feel sick.
* * * LOW HITPOINT WARNING * * *
You feel sick.
You hit the withered plant.
The withered plant is lightly damaged.
* * * LOW HITPOINT WARNING * * *
You feel sick.
* * * LOW HITPOINT WARNING * * *
You feel sick.
* * * LOW HITPOINT WARNING * * *
You feel sick.
* * * LOW HITPOINT WARNING * * *
You feel sick.
You die...

#..._...###########
#..P.P..# #.......#
#......#####
#...).+...<#
#.....+#######
#............#
#............#
#....@.......#
#####........#
#........#
#........#
#........#
#........#
#........#
#........#
#........#


There were no monsters in sight!

Vanquished Creatures
  An adder (D:2)
  A dart slug (D:1)
  A giant gecko (D:1)
  A bat (D:2)
  A giant cockroach (D:2)
  4 hobgoblins
  A ball python (D:2)
  A giant newt (D:1)
  2 kobolds (D:1)
  5 rats (D:1)
18 creatures vanquished.

Notes
Turn   | Place    | Note
--------------------------------------------------------------
     0 | Abyss:1  | Gargoyl the Demonspawn Abyssal Knight began the quest for the Orb.
     0 | Abyss:1  | Reached XP level 1. HP: 18/18 MP: 2/2
    95 | Abyss:3  | Noticed a worldbinder
   101 | D:1      | Escaped the Abyss
   472 | D:1      | Gained mutation: You have a pair of small antennae on your head. [demonic ancestry]
   472 | D:1      | Reached XP level 2. HP: 20/24 MP: 3/3
   984 | D:2      | Found a basalt altar of Yredelemnul.
   996 | D:2      | Reached * piety under Lugonu
  1100 | D:2      | Reached skill level 1 in Dodging
  1100 | D:2      | Gained mutation: You are partially covered in iridescent scales (AC +4). [demonic ancestry]
  1100 | D:2      | Reached XP level 3. HP: 10/30 MP: 4/4
  1114 | D:2      | HP: 1/30 [poisoned by an adder]
  1121 | D:2      | Succumbed to an adder's poison

Skill      XL: |  1  2 |
---------------+-------+-----
Axes           | 2 |  2.0
Armour         | 2 |  2.0
Dodging        | 1 |  1.1
Fighting       | |  3.7
Invocations    | |  2.6

Action                   || total
-------------------------++-------
Melee: Hand axe          ||    59
Invok: Depart the Abyss  ||     1
  Use: Potion            ||     1
  Eat: Chunk             ||     1
Armor: Leather armour    ||     6
       Ring mail         ||    14
Dodge: Dodged            ||    21
Block: Shield            ||    24
